 Dungeon Sprint DCSS version 0.22-a0-367-gb72a975701 (webtiles) character file.

6010 KillingSpree the Carver (level 10, -9/88 HPs)
             Began as a Demonspawn Fighter on Apr 22, 2018.
             Was the Champion of Makhleb.
             Mangled by a tyrant leech (19 damage)
             ... in the Dungeon (Sprint IX: "|||||||||||||||||||||||||||||").
             The game lasted 00:02:04 (466 turns).

KillingSpree the Carver (Demonspawn Fighter)         Turns: 466, Time: 00:02:05

Health: -9/88      AC: 15    Str: 21    XL:     10   Next: 56%
Magic:  17/17      EV:  8    Int:  9    God:    Makhleb [******]
Gold:   0          SH: 13    Dex: 23    Spells: 9/9 levels left

rFire    . . .     SeeInvis .   o - +2 scimitar (flame)
rCold    . . .     Gourm    .   c - +0 shield
rNeg     . . .     Faith    .   q - +1 chain mail
rPois    .         Spirit   .   (no helmet)
rElec    .         Reflect  .   (no cloak)
rCorr    .         Harm     .   p - +0 pair of gloves
MR       .....     NoTele   +   (no boots)
Stlth    ..........             (no amulet)
HPRegen  0.24/turn              r - +3 ring of dexterity
MPRegen  0.15/turn              s - +3 ring of dexterity

@: mighty, lethally poisoned (-9 -> -10)
A: thin metallic scales 1, demonic guardian 2, powered by pain 2
a: Minor Destruction, Lesser Servant of Makhleb, Major Destruction, Greater
Servant of Makhleb, Renounce Religion


You were in the Dungeon.
You worshipped Makhleb.
Makhleb was exalted by your worship.
You were not hungry.

You visited 1 branch

Inventory:

Hand Weapons
 a - a +0 long sword
 o - a +2 scimitar of flaming (weapon)
Armour
 b - a +0 scale mail
 c - a +0 shield (worn)
 p - a +0 pair of gloves (worn)
 q - a +1 chain mail (worn)
Jewellery
 r - a +3 ring of dexterity (left hand)
 s - a +3 ring of dexterity (right hand)
Wands
 n - a wand of acid (10)
Scrolls
 k - 3 scrolls of blinking
 l - 4 scrolls of remove curse
 m - 2 scrolls of amnesia
 u - a scroll of fear
 v - 2 scrolls of identify
Potions
 d - a potion of agility
 e - 6 potions of curing
 g - 6 potions of heal wounds
 h - 2 potions of haste
 i - 4 potions of magic
 j - a potion of invisibility
 t - a potion of resistance
Comestibles
 f - a ration


   Skills:
 + Level 11.5 Fighting
 + Level 14.9 Long Blades
 + Level 9.0 Armour
 + Level 2.4 Dodging
 + Level 9.5 Shields
 + Level 10.2 Invocations


You had 9 spell levels left.
You didn't know any spells.

Dungeon Overview and Level Annotations

Branches:
Dungeon (1/1)

Altars:
Cheibriados
Dithmenos
Elyvilon
Fedhas
Gozag
Hepliaklqana
Kikubaaqudgha
Makhleb
Nemelex Xobeh
Okawaru
Qazlal
Ru
Sif Muna
Trog
Uskayaw
Vehumet
Wu Jian
Xom
Yredelemnul
Zin
The Shining One
Beogh
Jiyva
Lugonu


Innate Abilities, Weirdness & Mutations

You are partially covered in thin metallic scales. (AC +2)
A demonic guardian rushes to your aid.
You sometimes gain power by taking damage.


Message History

You are too injured to fight recklessly!
You are too injured to fight recklessly!
You are too injured to fight recklessly!
You are too injured to fight recklessly!
You are too injured to fight recklessly!
Your chain mail prevents you from hitting the tyrant leech.
You miss the tyrant leech. You block the tyrant leech's attack.
You closely miss the tyrant leech.
You feel sick. The tyrant leech bites you!
The tyrant leech draws strength from your injuries!
You slash the tyrant leech! You burn the tyrant leech.
The tyrant leech is moderately wounded.
You hit the tyrant leech. You burn the tyrant leech.
The tyrant leech is moderately wounded.
The tyrant leech bites you!!
* * * LOW HITPOINT WARNING * * *
The tyrant leech draws strength from your injuries!
You miss the tyrant leech.
The tyrant leech is lightly wounded.
The tyrant leech bites you!!
You die...

▓▓▓▓▓▓▓▓▓▓▓▓▓▓▓▓▓▓▓▓▓▓▓▓
......'†.†.....3@wwFFF..
▓▓▓▓▓▓▓▓▓▓▓▓▓▓▓▓▓▓▓▓▓▓▓▓▓▓▓▓▓▓▓▓▓
.................................
▓▓▓▓▓▓▓▓▓▓▓▓▓▓▓▓▓▓▓▓▓▓▓▓▓▓▓▓▓▓▓▓▓
________________'..|).[...))....(
▓▓▓▓▓▓▓▓▓▓▓▓▓▓▓▓▓▓▓▓▓▓▓▓▓▓▓▓▓▓▓▓▓


You could see 2 tyrant leeches, a spiny frog, a blink frog, a bullfrog and a
friendly sixfirhy.

Vanquished Creatures
  A hydra (D)
  A death yak (D)
  A cyclops (D)
  A black mamba (D)
  A rime drake (D)
  4 spiny frogs (D)
  A komodo dragon (D)
  A tyrant leech (D)
  A polar bear (D)
  A slime creature (D)
  A blink frog (D)
  2 hippogriffs (D)
  A yak (D)
  A basilisk (D)
  A water moccasin (D)
  2 porcupines (D)
  3 bullfrogs (D)
  A scorpion (D)
  A wight (D)
  A jelly (D)
  2 hounds (D)
  An orc wizard (D)
  A leopard gecko (D)
  An orc (D)
  A hobgoblin (D)
  A ball python skeleton (D)
  A frilled lizard (D)
  A goblin (D)
  2 rats (D)
38 creatures vanquished.

Vanquished Creatures (collateral kills)
  A centaur warrior (D)
  An efreet (D)
  2 phantoms (D)
4 creatures vanquished.

Grand Total: 42 creatures vanquished

Notes
Turn   | Place    | Note
-------+----------+-------------------------------------------
     0 | D        | KillingSpree the Demonspawn Fighter began the quest for the Orb.
     0 | D        | Reached XP level 1. HP: 18/18 MP: 1/1
     9 | D        | Reached skill level 2 in Long Blades
    12 | D        | Reached skill level 3 in Long Blades
    85 | D        | Noticed a scorpion
    85 | D        | Noticed a jelly
    85 | D        | Noticed a hound
    85 | D        | Noticed an orc wizard
    87 | D        | Killed a scorpion
    87 | D        | Reached skill level 6 in Long Blades
    87 | D        | Gained mutation: You are partially covered in thin metallic scales. (AC +2) [demonic ancestry]
    87 | D        | Reached XP level 2. HP: 24/24 MP: 2/2
    87 | D        | Gained mutation: A weak demonic guardian rushes to your aid. [demonic ancestry]
    87 | D        | Reached XP level 3. HP: 29/29 MP: 3/3
    89 | D        | Reached skill level 7 in Long Blades
    89 | D        | Reached XP level 4. HP: 35/35 MP: 4/4
    92 | D        | Reached skill level 8 in Long Blades
   108 | D        | Reached skill level 9 in Long Blades
   108 | D        | Gained mutation: You sometimes gain a little power by taking damage. [demonic ancestry]
   108 | D        | Reached XP level 5. HP: 31/41 MP: 5/5
   114 | D        | Found a roughly hewn altar of Beogh.
   114 | D        | Found a snail-covered altar of Cheibriados.
   114 | D        | Found a shadowy altar of Dithmenos.
   114 | D        | Found a white marble altar of Elyvilon.
   114 | D        | Found a blossoming altar of Fedhas.
   114 | D        | Found an opulent altar of Gozag.
   115 | D        | Found a hazy altar of Hepliaklqana.
   116 | D        | Found a viscous altar of Jiyva.
   117 | D        | Found an ancient bone altar of Kikubaaqudgha.
   118 | D        | Found a corrupted altar of Lugonu.
   119 | D        | Found a burning altar of Makhleb.
   120 | D        | Found a sparkling altar of Nemelex Xobeh.
   121 | D        | Found an iron altar of Okawaru.
   122 | D        | Found a stormy altar of Qazlal.
   123 | D        | Found a sacrificial altar of Ru.
   124 | D        | Found a deep blue altar of Sif Muna.
   125 | D        | Found a bloodstained altar of Trog.
   126 | D        | Found a hide-covered altar of Uskayaw.
   127 | D        | Found a radiant altar of Vehumet.
   129 | D        | Became a worshipper of Makhleb the Destroyer
   131 | D        | Found an ornate altar of the Wu Jian Council.
   132 | D        | Found a shimmering altar of Xom.
   133 | D        | Found a basalt altar of Yredelemnul.
   134 | D        | Found a glowing silver altar of Zin.
   135 | D        | Found a glowing golden altar of the Shining One.
   180 | D        | Noticed a hippogriff
   180 | D        | Noticed a phantom
   180 | D        | Noticed a phantom
   190 | D        | Killed a hippogriff
   190 | D        | Gained mutation: A demonic guardian rushes to your aid. [demonic ancestry]
   190 | D        | Reached XP level 6. HP: 38/49 MP: 5/9
   193 | D        | Reached skill level 5 in Fighting
   193 | D        | Reached skill level 10 in Long Blades
   193 | D        | Reached skill level 5 in Invocations
   198 | D        | Reached * piety under Makhleb
   208 | D        | Reached skill level 5 in Armour
   208 | D        | Reached skill level 5 in Shields
   211 | D        | Reached ** piety under Makhleb
   211 | D        | Reached XP level 7. HP: 46/57 MP: 7/11
   220 | D        | Noticed a centaur warrior
   220 | D        | Noticed an efreet
   220 | D        | Noticed a cyclops
   220 | D        | Noticed a slime creature
   220 | D        | Noticed a basilisk
   228 | D        | Killed a centaur warrior
   228 | D        | Reached skill level 11 in Long Blades
   228 | D        | Reached XP level 8. HP: 32/67 MP: 9/14
   232 | D        | Killed an efreet
   232 | D        | Reached skill level 1 in Dodging
   239 | D        | Killed a cyclops
   243 | D        | Killed a slime creature
   243 | D        | Reached *** piety under Makhleb
   359 | D        | Noticed a spiny frog
   359 | D        | Noticed a rime drake
   359 | D        | Noticed a hippogriff
   363 | D        | Noticed a komodo dragon
   363 | D        | Killed a spiny frog
   363 | D        | Reached **** piety under Makhleb
   363 | D        | Reached skill level 12 in Long Blades
   363 | D        | Reached skill level 10 in Invocations
   363 | D        | Gained mutation: You sometimes gain power by taking damage. [demonic ancestry]
   363 | D        | Reached XP level 9. HP: 75/75 MP: 16/16
   365 | D        | Noticed a spiny frog
   368 | D        | Killed a rime drake
   383 | D        | Killed a komodo dragon
   383 | D        | Reached ***** piety under Makhleb
   383 | D        | Reached skill level 13 in Long Blades
   386 | D        | Killed a spiny frog
   400 | D        | Noticed a spiny frog
   400 | D        | Noticed an eight-headed hydra
   400 | D        | Noticed a black mamba
   401 | D        | Noticed a polar bear
   404 | D        | Killed a spiny frog
   404 | D        | Reached skill level 10 in Fighting
   405 | D        | Noticed a death yak
   412 | D        | Killed a two-headed hydra
   412 | D        | Reached XP level 10. HP: 32/86 MP: 17/17
   418 | D        | Reached skill level 14 in Long Blades
   427 | D        | Killed a death yak
   436 | D        | Killed a black mamba
   441 | D        | Reached ****** piety under Makhleb
   452 | D        | Noticed a spiny frog
   453 | D        | Noticed a spiny frog
   456 | D        | Killed a spiny frog
   466 | D        | Mangled by a tyrant leech

Vault maps used:
D:        linesprint

Skill      XL: |  1  2  3  4  5  6  7  8  9 10 |
---------------+-------------------------------+-----
Long Blades    | 6 7 9 10 11 12 13 14 | 14.9
Fighting       | 4 5 7 8 10 11 | 11.5
Armour         | 4 5 6 7 8 9 |  9.0
Shields        | 4 5 6 7 8 9 |  9.5
Invocations    | 4 6 8 10 | 10.2
Dodging        | 1 2 |  2.4

Action                   |  1- 3 |  4- 6 |  7- 9 | 10-12 || total
-------------------------+-------+-------+-------+-------++-------
Melee: Long sword        |    14 |    16 |       |       ||    30
       Scimitar          |       |    25 |    67 |    43 ||   135
  Use: Potion            |     1 |     1 |     1 |       ||     3
Armor: Scale mail        |     4 |     2 |       |       ||     6
       Chain mail        |       |    15 |    22 |     7 ||    44
Dodge: Dodged            |     1 |     4 |    18 |     8 ||    31
Block: Shield            |     3 |    18 |    28 |    15 ||    64
       Rpst.: Scimitar   |       |       |     3 |     3 ||     6

Table legend:
 A = Spawn XP
 B = Non-spawn XP
 C = Spawn XP percentage of total XP
 D = Spawn monster count
 E = Non-spawn monster count
 F = Spawn count percentage of total count
 G = Total turns spent on level
                    A         B        C        D         E        F      G
               +---------+---------+-------+---------+---------+-------+---------
         Total |       0 |    8587 |   0.0 |       0 |      42 |   0.0 |   466
               +---------+---------+-------+---------+---------+-------+---------
             D |       0 |    8587 |   0.0 |       0 |      42 |   0.0 |   466
               +---------+---------+-------+---------+---------+-------+---------
